 Dungeon Crawl Stone Soup version 0.21.1-1-g345015fe64 (webtiles) character file.

56 GotenAND the Grave Robber (level 3, -1/28 HPs)
             Began as a Deep Dwarf Necromancer on July 7, 2018.
             Slain by a worker ant (4 damage)
             ... on level 2 of the Dungeon.
             The game lasted 00:14:46 (1875 turns).

GotenAND the Grave Robber (Deep Dwarf Necromancer)  Turns: 1875, Time: 00:14:46

Health: -1/28      AC:  4    Str: 11    XL:     3   Next: 71%
Magic:  3/5        EV: 12    Int: 16    God:
Gold:   59         SH:  0    Dex: 13    Spells: 6/7 levels left

rFire    . . .     SeeInvis .   (no weapon)
rCold    . . .     Gourm    .   (no shield)
rNeg     . . .     Faith    .   a - +0 robe
rPois    .         Spirit   .   (no helmet)
rElec    .         Reflect  .   (no cloak)
rCorr    .         Harm     .   f - +0 pair of gloves
MR       .....                  d - +0 pair of boots
Stlth    ++........             (no amulet)
HPRegen  0.00/turn              (no ring)
MPRegen  0.09/turn              (no ring)

@: lethally poisoned (-1 -> -1), non-regenerating
A: damage resistance, heal wounds, sense surroundings 1, no regeneration
a: Heal Wounds


You were on level 2 of the Dungeon.
You were hungry.

You visited 1 branch of the dungeon, and saw 2 of its levels.

You collected 59 gold pieces.

Inventory:

Armour
 a - a +0 robe (worn)
 d - a +0 pair of boots (worn)
 f - a +0 pair of gloves (worn)
Scrolls
 e - 4 scrolls of identify {unknown}
 h - a scroll of teleportation {unknown}
 j - a scroll of magic mapping {unknown}
 k - 4 scrolls of amnesia {unknown}
 m - a scroll of enchant weapon {unknown}
Potions
 g - a potion of curing {unknown}
 i - a potion of brilliance {unknown}
 l - a potion of cancellation {unknown}
Books
 b - a book of Necromancy

   Spells                             Type                      Level
   a - Pain                           Necromancy                   1
   b - Animate Skeleton               Necromancy                   1
   c - Vampiric Draining              Necromancy                   3
   d - Regeneration                   Charms/Necromancy            3
   e - Animate Dead                   Necromancy                   4
   f - Borgnjor's Vile Clutch         Necromancy/Earth             5
Comestibles
 c - 2 rations


   Skills:
 + Level 2.2 Dodging
 - Level 2.4 Stealth
 * Level 2.5 Spellcasting
 * Level 5.4 Necromancy


You had 6 spell levels left.
You knew the following spells:

 Your Spells              Type           Power        Failure   Level  Hunger
a - Pain                  Necr           ###.         2%          1    #......


Dungeon Overview and Level Annotations

Branches:
Dungeon (2/15)

Altars:
Yredelemnul


Innate Abilities, Weirdness & Mutations

You are resistant to damage.
You can heal yourself by infusing magical energy.
You passively map a small area around you.
You do not regenerate.


Message History

The worker ant is severely wounded.
The worker ant bites you but does no damage.
The worker ant bites you.
* * * LOW HITPOINT WARNING * * *
You hit the worker ant.
The worker ant is severely wounded.
The worker ant bites you.
You hit the worker ant but do no damage.
The worker ant is severely wounded.
The worker ant bites you.
You closely miss the worker ant.
The worker ant is severely wounded.
The worker ant completely misses you.
You hit the worker ant but do no damage.
The worker ant is severely wounded.
The worker ant misses you.
You hit the worker ant but do no damage.
The worker ant is severely wounded.
The worker ant misses you. The worker ant bites you.
You die...

* ##* ######### * ..
......... #####.#
########. #..@a.#
##########. #.#####
#..........
##.########.########.
#...........# #.....
#..########## #.###.
#..# #.# #. #..#
######.###. #..#
#.......... #<.#
#..........


You could see a worker ant.

Vanquished Creatures
  A gnoll (D:1)
  An adder (D:2)
  3 dart slugs
  2 leopard geckos (D:2)
  4 bats (D:1)
  3 goblins (D:1)
  4 hobgoblins
  6 kobolds
  2 frilled lizards (D:1)
  3 rats
29 creatures vanquished.

Notes
Turn   | Place    | Note
-------+----------+-------------------------------------------
     0 | D:1      | GotenAND the Deep Dwarf Necromancer began the quest for the Orb.
     0 | D:1      | Reached XP level 1. HP: 15/15 MP: 3/3
   453 | D:1      | Reached XP level 2. HP: 22/22 MP: 1/5
   998 | D:1      | Reached skill level 5 in Necromancy
   998 | D:1      | Reached XP level 3. HP: 28/28 MP: 2/6
  1120 | D:2      | Found a basalt altar of Yredelemnul.
  1875 | D:2      | Slain by a worker ant

Skill      XL: |  1  2 |
---------------+-------+-----
Spellcasting   | 2 |  2.5
Necromancy     | 5 |  5.4
Dodging        | |  2.2
Stealth        | |  2.4

Action                   || total
-------------------------++-------
Melee: Unarmed           ||    32
 Cast: Pain              ||    73
 Abil: Heal Wounds       ||     3
  Eat: Chunk             ||     3
Armor: Robe              ||    12
Dodge: Dodged            ||    50
